 Dungeon Crawl Stone Soup version 0.28-a0-664-gc179e30c89 (webtiles) character file.

Game seed: 15702081980927453636

3427 helsbecter the Severer (level 9, -2/72 HPs)
             Began as a Minotaur Berserker on Oct 15, 2021.
             Was a Priest of Trog.
             Shot with an arrow by a centaur (8 damage)
             ... on level 10 of the Dungeon.
             The game lasted 00:14:49 (7382 turns).

helsbecter the Severer (Minotaur Berserker)         Turns: 7382, Time: 00:14:51

Health: -2/72      AC:  6    Str: 36    XL:     9   Next: 76%
Magic:  8/8        EV: 11    Int:  4    God:    Trog [***...]
Gold:   563        SH:  0    Dex:  9    Spells: 8/8 levels left

rFire   . . .      SeeInvis .   p - +4 flail (protect)
rCold   . . .      Faith    +   (no shield)
rNeg    . . .      Spirit   .   J - +0 ring mail of Foolhardiness {+Blink Str+4 Slay+2}
rPois   .          Reflect  .   (helmet restricted)
rElec   .          Harm     .   G - +0 cloak
rCorr   +          Rampage  .   (no gloves)
Will    .....                   (no boots)
Stlth   ..........              E - amulet of faith
HPRegen 0.22/turn               i - ring of resist corrosion
MPRegen 0.11/turn               n - +6 ring of strength

@: no status effects
A: horns 2, retaliatory headbutt
a: Renounce Religion, Evoke Blink, Berserk, Trog's Hand


You were on level 10 of the Dungeon.
You worshipped Trog.
Trog was most pleased with you.
You visited 1 branch of the dungeon, and saw 9 of its levels.

You collected 563 gold pieces.

Inventory:

Hand Weapons
 p - a +4 flail of protection (weapon)
 r - a +0 war axe
Armour
 u - a +0 plate armour
 G - a +0 cloak (worn)
 J - the +0 ring mail of Foolhardiness (worn) {+Blink Str+4 Slay+2}
   (You found it on level 6 of the Dungeon)

   Str:       It affects your strength (+4).
   Slay:      It affects your accuracy & damage with ranged weapons and melee
   (+2).
   +Blink:    It lets you blink.
Jewellery
 i - a ring of resist corrosion (left hand)
 n - a +6 ring of strength (right hand)
 E - an amulet of faith (around neck)
Wands
 t - a wand of iceblast (18)
 z - a wand of acid (12)
 A - a wand of flame (11)
Scrolls
 a - a scroll of noise {unknown}
 d - 2 scrolls of magic mapping {unknown}
 e - 2 scrolls of torment {unknown}
 f - 5 scrolls of immolation {unknown}
 g - a scroll of fear {unknown}
 h - 2 scrolls of amnesia {unknown}
 l - 4 scrolls of identify {unknown}
 o - a scroll of enchant weapon {unknown}
 s - a scroll of blinking {unknown}
 v - 4 scrolls of teleportation {unknown}
 w - a scroll of summoning {unknown}
 C - a scroll of fog {unknown}
 H - a scroll of vulnerability {unknown}
Potions
 b - 4 potions of curing {unknown}
 c - 2 potions of magic {unknown}
 j - a potion of flight {unknown}
 k - 2 potions of ambrosia {unknown}
 m - a potion of invisibility {unknown}
 q - a potion of berserk rage {unknown}
 x - a potion of mutation {unknown}
 B - 2 potions of might {unknown}
 D - 3 potions of heal wounds {unknown}
 F - a potion of resistance {unknown}
 I - a potion of haste {unknown}


   Skills:
 + Level 4.4 Fighting
 + Level 16.0 Axes
 + Level 3.5 Armour
 + Level 3.1 Dodging


You had 8 spell levels left.
You didn't know any spells.
Your spell library was empty.

Dungeon Overview and Level Annotations

Branches:
Dungeon (8/15)             Temple (0/1) D:7
   Lair: D:8-11

Altars:
Dithmenos
Gozag
Hepliaklqana
Kikubaaqudgha
Makhleb
Trog
Uskayaw
Vehumet
Yredelemnul
Zin

Shops:
D:2 :   D:7 =

Annotations:
D:5 2 transporters


Innate Abilities, Weirdness & Mutations

You have a pair of horns on your head.
You reflexively headbutt those who attack you in melee.


Message History

You headbutt the bullfrog!
You kill the bullfrog!
Trog accepts your kill.
Found a hide-covered altar of Uskayaw.
You fall into a shaft and drop 2 floors!
The shaft crumbles and collapses.
Found 21 gold pieces.
You now have 563 gold pieces (gained 21).
Found a ring mail.
Found a stone staircase leading down.
There is a stone staircase leading down here.
Found a stone staircase leading up.
Found 20 gold pieces. 2 centaurs come into view.
The centaur shouts!
The centaur wields a +0 shortbow.
The centaur shoots an arrow.
The arrow hits you.
The centaur wields a +0 shortbow.
The centaur shoots an arrow.
The arrow barely misses you.
A centaur comes into view.
You hear a roar! 3 centaurs come into view.
The centaur shouts! x4; You hear a shout! x2
The centaur shoots an arrow.
The arrow misses you.
The centaur shoots an arrow.
The arrow hits you.
The centaur wields a +0 shortbow.
The centaur shoots an arrow.
The arrow closely misses you.
The centaur wields a +2 shortbow of freezing.
It is covered in frost.
The centaur shoots an arrow.
The arrow hits you! The arrow freezes you.
The centaur shoots an arrow.
The arrow hits you.
The centaur shoots an arrow.
The arrow hits you.
The centaur shoots an arrow.
The arrow hits you! The arrow freezes you!
* * * LOW HITPOINT WARNING * * *
There is a stone staircase leading up, spattered with blood here.
The centaur shoots an arrow.
The arrow closely misses you.
The centaur shoots an arrow.
The arrow hits you.
* * * LOW HITPOINT WARNING * * *
The centaur shoots an arrow.
The arrow hits you but does no damage.
The centaur shoots an arrow.
The arrow hits you!
* * * LOW HITPOINT WARNING * * *
The centaur shoots an arrow.
The arrow hits you!
You die...

..######.# ...# #.###
.#.####.....
.#......##.#
###....###.#
#..#...#.### ..
....####>....#######..##
..### ###.#...#........
## #$......@#
#..#≈≈≈≈..#
...#≈≈≈≈≈≈≈≈#
.≈≈≈≈≈≈≈≈≈≈≈≈≈≈
≈≈≈≈≈≈≈≈≈≈≈≈≈≈≈≈≈
≈≈≈≈≈≈≈≈≈≈≈cc≈≈≈≈≈≈
≈≈≈≈≈≈≈c.cc..≈≈≈≈
≈≈≈≈..c.....≈≈≈


You could see 6 centaurs.

Vanquished Creatures
  The ghost of demibob the Cleaver, a novice MiFi of Uskayaw (D:7)
  Pikel (D:4)
  A hornet (D:8)
  Grinder (D:6)
  Sigmund (D:3)
  Menkaure (D:5)
  4 ogres
  2 orc warriors
  An ice beast (D:7)
  A sky beast (D:3)
  2 centaurs
  A phantom (D:6)
  Blork the orc (D:6)
  A bullfrog (D:8)
  A water moccasin skeleton (D:6)
  An electric eel (D:6)
  2 hounds
  A jelly (D:5)
  2 orc priests (D:7)
  Jessica (D:3)
  An iguana (D:4)
  Ijyb (D:5)
  4 orc wizards (D:7)
  Natasha (D:3)
  A hound skeleton (D:5)
  A howler monkey zombie (D:7)
  10 adders
  A shadow imp (D:5)
  A white imp (D:6)
  3 ufetubi
  A worm (D:6)
  2 dart slugs
  8 orcs
  7 ball pythons
  6 bats
  8 endoplasms
  2 giant cockroaches
  7 goblins
  7 hobgoblins
  A quokka (D:3)
  6 frilled lizards
  9 kobolds
  11 rats
126 creatures vanquished.

Vanquished Creatures (others)
  A fungus (D:1)
  10 plants
11 creatures vanquished.

Grand Total: 137 creatures vanquished

Notes
Turn   | Place    | Note
-------+----------+-------------------------------------------
     0 | D:1      | helsbecter the Minotaur Berserker began the quest for the
                  | Orb.
     0 | D:1      | Reached XP level 1. HP: 19/19 MP: 0/0
    90 | D:1      | Reached skill level 4 in Axes
   169 | D:1      | Reached XP level 2. HP: 23/26 MP: 1/1
   201 | D:1      | Found a faded altar of an unknown god.
   522 | D:1      | Reached skill level 5 in Axes
   813 | D:2      | Reached ** piety under Trog
   814 | D:2      | Reached XP level 3. HP: 31/31 MP: 2/2
  1251 | D:2      | Found Lialuk's Book Boutique.
  1460 | D:3      | Noticed Sigmund
  1475 | D:3      | Killed Sigmund
  1476 | D:3      | Reached skill level 7 in Axes
  1476 | D:3      | Reached XP level 4. HP: 39/39 MP: 3/3
  1476 | D:3      | Reached XP level 5. HP: 45/45 MP: 4/4
  1607 | D:3      | Noticed a sky beast
  1625 | D:3      | Killed a sky beast
  1626 | D:3      | Reached skill level 8 in Axes
  1626 | D:3      | Reached XP level 6. HP: 39/51 MP: 5/5
  1772 | D:3      | Noticed Natasha
  1789 | D:3      | HP: 1/51 [ogre (14)]
  2084 | D:3      | Reached skill level 9 in Axes
  2332 | D:3      | Noticed Jessica
  2335 | D:3      | Killed Jessica
  2369 | D:3      | Found a hazy altar of Hepliaklqana.
  2369 | D:3      | Found a basalt altar of Yredelemnul.
  2486 | D:3      | Killed Natasha
  3165 | D:4      | Found a burning altar of Makhleb.
  3165 | D:4      | Noticed a blizzard demon
  3450 | D:4      | Reached XP level 7. HP: 57/57 MP: 6/6
  3465 | D:4      | Reached *** piety under Trog
  3473 | D:4      | Reached skill level 10 in Axes
  3623 | D:4      | Found an ancient bone altar of Kikubaaqudgha.
  3623 | D:4      | Noticed Pikel
  3635 | D:4      | Killed Pikel
  3636 | D:4      | Reached skill level 11 in Axes
  3636 | D:4      | Reached XP level 8. HP: 64/64 MP: 7/7
  3797 | D:4      | Reached skill level 12 in Axes
  4090 | D:5      | Entered Level 5 of the Dungeon
  4090 | D:5      | Found a transporter.
  4126 | D:5      | Noticed Ijyb
  4139 | D:5      | Killed Ijyb
  4420 | D:5      | Found a shadowy altar of Dithmenos.
  4469 | D:5      | Noticed Menkaure
  4479 | D:5      | Killed Menkaure
  4830 | D:5      | Noticed a kobold demonologist
  4835 | D:5      | Found a transporter.
  5016 | D:6      | Reached skill level 13 in Axes
  5021 | D:6      | Identified the +0 ring mail of Foolhardiness {+Blink Str+4
                  | Slay+2}
  5156 | D:6      | Found an opulent altar of Gozag.
  5157 | D:6      | Noticed Grinder
  5163 | D:6      | Killed Grinder
  5194 | D:6      | Noticed Blork the orc
  5207 | D:6      | Killed Blork the orc
  5208 | D:6      | Reached skill level 14 in Axes
  5465 | D:6      | Reached XP level 9. HP: 70/70 MP: 8/8
  5570 | D:6      | Noticed a moth of wrath
  5573 | D:6      | Found a bloodstained altar of Trog.
  5692 | D:7      | Found a runed translucent door.
  5698 | D:7      | Noticed demibob's ghost (novice MiFi)
  5708 | D:7      | Killed demibob's ghost
  5709 | D:7      | Reached skill level 15 in Axes
  5939 | D:7      | Found Kydwo's Jewellery Shop.
  6027 | D:7      | Found a glowing silver altar of Zin.
  6135 | D:7      | Found a staircase to the Ecumenical Temple.
  6147 | D:7      | Reached **** piety under Trog
  6477 | D:7      | Found a radiant altar of Vehumet.
  6906 | D:8      | Paralysed by a hornet for 3 turns
  7128 | D:8      | Reached skill level 16 in Axes
  7349 | D:8      | Found a hide-covered altar of Uskayaw.
  7349 | D:8      | You fall into a shaft and drop 2 floors!
  7349 | D:10     | Entered Level 10 of the Dungeon
  7382 | D:10     | Shot with an arrow by a centaur

Illustrated notes

Levels and vault maps discovered:
D:1:      lightli_iron_boxes, layout_loops_ring,
          dreamdust_ecumenical_altar_grove
D:2:      layout_basic, serial_shops, nicolae_shop_window_shopping,
          serial_bayou_lagoon_a, kennysheep_generic_room_6
D:3:      layout_basic, gammafunk_temple_overflow_wave, uniq_sigmund,
          uniq_natasha, uniq_jessica
D:4:      layout_gridville, nicolae_kikubaaqudgha_miasma_corner,
          makhleb_altar_promises_db, uniq_pikel
D:5:      gammafunk_wand_slinger, layout_cave_pools,
          nicolae_dithmenos_through_a_glass_darkly,
          eino_small_chamber_without_monster, hangedman_decor_clover_reticule,
          minmay_misc_feat_four_crosses, uniq_ijyb, uniq_menkaure
D:6:      layout_cave_pools, nicolae_gozag_cash_rules_everything_around_me,
          tgw_trog, grunt_ministairs_2, fountainhead, uniq_blork_the_orc,
          uniq_grinder
D:7:      layout_loops_ring, nicolae_vehumet_altar_sigil, lemuel_tele_altar,
          temple_doors_ab, serial_shops, shop, ebering_ghost_reflecting_pool
D:8:      layout_loops_ring, nicolae_elyvilon_temple_path,
          mainiacjoe_overflow_cross_hatched, corexii_hall_statues_l,
          kennysheep_generic_room_3
D:10:     layout_rooms, chequers_mini_garden, centaur_isle

Skill      XL: |  1  2  3  4  5  6  7  8  9 |
---------------+----------------------------+-----
Axes           | 4 5 7 8 9 11 14 16 | 16.0
Fighting       | 4 |  4.4
Armour         | 3 |  3.5
Dodging        | 3 |  3.1

Action                   |  1- 3 |  4- 6 |  7- 9 || total
-------------------------+-------+-------+-------++-------
Melee: Hand axe          |    67 |    85 |    11 ||   163
       Headbutt          |    12 |     9 |    35 ||    56
       Whip              |       |       |    73 ||    73
       Flail             |       |       |    62 ||    62
Invok: Berserk           |     1 |     2 |     8 ||    11
 Stab: Sleeping          |       |     1 |       ||     1
Armor: Animal skin       |     4 |       |       ||     4
       Leather armour    |     8 |       |       ||     8
       Robe              |       |    15 |     4 ||    19
       Chain mail        |       |       |    17 ||    17
       Ring mail         |       |       |    31 ||    31
Dodge: Dodged            |    32 |    32 |    66 ||   130

Table legend: (Time is in decaauts)
 A = Elapsed time spent in this place.
 B = Non-inter-level travel time spent in this place.
 C = Inter-level travel time spent in this place.
 D = Time resting spent in this place.
 E = Time spent auto-exploring this place.
 F = Levels seen in this place.
 G = Mean time per level.
                   A        B        C        D        E       F      G
               +--------+--------+--------+--------+--------+-----+--------+
         Total |   7474 |   7327 |    147 |   1007 |   5232 |   9 |  830.4 |
       Dungeon |   7474 |   7327 |    147 |   1007 |   5232 |   9 |  830.4 |
               +--------+--------+--------+--------+--------+-----+--------+

Top non-repeatable levels by time:
     D:3: 1556 daAuts
     D:7: 1185 daAuts
     D:4: 943 daAuts
     D:2: 850 daAuts
     D:5: 786 daAuts
     D:6: 777 daAuts
     D:1: 773 daAuts
     D:8: 567 daAuts
    D:10: 32 daAuts
